 Dungeon Crawl Stone Soup version 0.28.0-45-g0d030f2227 (webtiles) character file.

Game seed: 17389041897600785472

1579 prikolics the Covert (level 8, -4/60 HPs)
             Began as a Gnoll Delver on Apr 19, 2022.
             Was an Initiate of Ashenzari.
             Slain by Duvessa
             ... wielding a +0 short sword
              (14 damage)
             ... on level 7 of the Dungeon.
             The game lasted 00:33:36 (7268 turns).

prikolics the Covert (Gnoll Delver)                 Turns: 7268, Time: 00:33:37

Health: -4/60      AC:  8    Str: 10 (11) XL:     8   Next: 91%
Magic:  13/13      EV: 10    Int: 16 (18) God:    Ashenzari [......]
Gold:   544        SH:  9    Dex: 14      Spells: 14/14 levels left

rFire   + . .      SeeInvis .   n - +2 dagger (venom)
rCold   . . .      Faith    .   i - +0 kite shield
rNeg    . . .      Spirit   .   A - +3 ring mail "Restrained Affliction" {Range, Comp} (curse)
rPois   +          Reflect  .   (no helmet)
rElec   .          Harm     .   (no cloak)
rCorr   .          Rampage  .   (no gloves)
Will    .....                   (no boots)
Stlth   ++++......              (no amulet)
HPRegen 0.00/turn               y - ring of poison resistance
MPRegen 0.13/turn               s - +6 ring of intelligence

@: inhibited regen, hasted, very quick
A: fangs 1, strong nose, distributed training, deterioration 1, fire resistance
1, frail 1, inhibited regeneration, no potion heal 1
a: Renounce Religion, Shatter the Chains


You were on level 7 of the Dungeon.
You worshipped Ashenzari.
Ashenzari was noncommittal.
You visited 1 branch of the dungeon, and saw 7 of its levels.

You collected 544 gold pieces.

Inventory:

Hand Weapons
 a - a +0 spear
 n - a +2 dagger of venom (weapon)
Missiles
 m - 12 boomerangs (quivered)
 q - 10 poisoned darts
 E - 6 curare-tipped darts
Armour
 b - a +0 leather armour
 i - a +0 kite shield (worn)
 A - the cursed +3 ring mail "Restrained Affliction" (worn) {Range, Comp}
   (You found it on level 5 of the Dungeon)

   It has a curse which improves the following skills: Ranged Combat: Slings,
   Bows, Crossbows and Throwing.
   Companions: Summonings and Necromancy.
 B - the +1 chain mail of Hide-and-Seek {SInv}
   (You took it off an orc on level 5 of the Dungeon)

   SInv:      It lets you see invisible.
Magical Staves
 o - a staff of earth
 u - a staff of conjuration
 w - a staff of earth
 C - a staff of death
Jewellery
 s - a +6 ring of intelligence (right hand)
 y - a ring of poison resistance (left hand)
Wands
 g - a wand of digging (3)
 x - a wand of iceblast (1)
Scrolls
 c - 2 scrolls of fog
 d - a scroll of magic mapping
 e - 2 scrolls of fear
 h - a scroll of vulnerability
 j - 2 scrolls of blinking
 k - a scroll of amnesia
 l - 2 scrolls of immolation
 p - 5 scrolls of teleportation {unknown}
 r - a scroll of enchant weapon {unknown}
 t - a scroll of torment {unknown}
 v - a scroll of holy word {unknown}
Potions
 f - a potion of haste


   Skills:
 + Level 7.6 Fighting
 + Level 3.6 Short Blades
 + Level 3.6 Long Blades
 + Level 3.6 Axes
 + Level 3.6 Maces & Flails
 + Level 5.9 Polearms
 + Level 3.6 Staves
 + Level 3.6(4.0) Slings
 + Level 3.6(4.0) Bows
 + Level 3.6(4.0) Crossbows
 + Level 3.6(4.0) Throwing
 + Level 3.6 Armour
 + Level 5.9 Dodging
 + Level 10.3 Stealth
 + Level 3.6 Shields
 + Level 3.6 Unarmed Combat
 + Level 3.6 Spellcasting
 + Level 3.0 Conjurations
 + Level 3.0 Hexes
 + Level 3.0(3.4) Summonings
 + Level 3.0(3.4) Necromancy
 + Level 3.0 Translocations
 + Level 3.0 Transmutations
 + Level 3.0 Fire Magic
 + Level 3.0 Ice Magic
 + Level 3.0 Air Magic
 + Level 3.0 Earth Magic
 + Level 3.0 Poison Magic
 + Level 4.0 Invocations
 + Level 3.6 Evocations


You had 14 spell levels left.
You didn't know any spells.
Your spell library contained the following spells:

 Spells                   Type           Power      Damage    Failure   Level
 Summon Small Mammal      Summ           52%        N/A       32%         1
 Call Canine Familiar     Summ           13%        N/A       69%         3
 Summon Guardian Golem    Hex/Summ       13%        N/A       71%         3
 Conjure Flame            Conj/Fire      12%        6-21      75%         3
 Ignite Poison            Fire/Tmut/Pois 12%        N/A       75%         3
 Sticky Flame             Conj/Fire      12%        2d4       98%         4


Dungeon Overview and Level Annotations

Branches:
Dungeon (7/15)
 Temple: D:4-7

Altars:
Ashenzari
Kikubaaqudgha
Trog
Uskayaw
Wu Jian
Xom
Zin
Beogh

Shops:
D:1 (

Annotations:
D:4 Menkaure
D:5 3 runed translucent doors, Zarnosh's ghost, novice DgCj
D:7 Dowan; Duvessa


Innate Abilities, Weirdness & Mutations

You have very sharp teeth.
Your uncanny sense of smell can sniff out nearby items.
Your experience applies equally to all skills.
Your body sometimes deteriorates upon taking damage.
Your flesh is heat resistant. (rF+)
You are frail. (-10% HP)
You do not regenerate when monsters are visible.
Potions are less effective at restoring your health.


Message History

The boomerang hits Dowan but does no damage.
Dowan is moderately wounded.
Duvessa drinks a potion.
Duvessa seems to grow stronger.
You hit Duvessa but do no damage.
Duvessa is poisoned.
Duvessa is moderately wounded.
You block Duvessa's attack.
You barely miss Duvessa. You bite Duvessa, but do no damage.
Duvessa is moderately wounded.
You block Duvessa's attack.
You hit Duvessa but do no damage.
Duvessa looks as sick as possible!
You bite Duvessa.
Duvessa is moderately wounded.
You block Duvessa's attack. Duvessa completely misses you.
You closely miss Duvessa.
Duvessa is heavily wounded.
Duvessa hits you with a +0 short sword!
You closely miss Duvessa. You bite Duvessa, but do no damage.
Duvessa is severely wounded.
Duvessa hits you with a +0 short sword! x2
Your body deteriorates!
You feel weakened.
You completely miss Duvessa. Your bite misses Duvessa.
Duvessa is severely wounded.
Duvessa hits you with a +0 short sword!
* * * LOW HITPOINT WARNING * * *
Your body deteriorates!
You feel dopey.
You hit Duvessa but do no damage. Your bite misses Duvessa.
Duvessa is severely wounded.
Duvessa hits you with a +0 short sword.
* * * LOW HITPOINT WARNING * * *
You block Duvessa's attack.
You feel yourself speed up. Duvessa hits you but does no damage.
You hit Duvessa.
Duvessa looks as sick as possible!
Duvessa is almost dead.
You block Duvessa's attack.
Dowan mumbles some strange words.
Dowan blinks!
You barely miss Duvessa. You bite Duvessa, but do no damage.
Duvessa is almost dead.
Duvessa hits you with a +0 short sword!
You die...

##.....#######...
......## .!# .......##
#.### .....#..####.....
....###......#
...........#####
.....##.##.....##
.....##.######..######..
#...............@e§.....
#.##......#####.##....$.
... .##.................
.# (..................
## ##. ................
# # ......?...<...<. #
.......e........ #
............... #
##########.....


You could see Duvessa (fast, strong, extremely poisoned) and Dowan.

Vanquished Creatures
  A water moccasin (D:6)
  3 ice beasts
  A sky beast (D:5)
  2 ogres (D:5)
  A centaur (D:6)
  A kobold brigand (D:6)
  A bullfrog (D:6)
  A centaur zombie (D:6)
  A hound (D:5)
  2 jellies
  A bullfrog skeleton (D:5)
  3 centaur skeletons
  2 orc priests (D:5)
  Terence (D:3)
  Jessica (D:3)
  4 iguanas
  2 orc wizards (D:5)
  Natasha (thrice) (D:3)
  A killer bee zombie (D:7)
  3 adders
  2 gnolls
  An adder skeleton (D:4)
  A dart slug (D:4)
  11 orcs
  6 endoplasms
  4 goblins
  11 hobgoblins
  5 kobolds
  3 quokkas
  4 ball pythons
  5 bats
  5 frilled lizards
  A rat (D:3)
  2 rat zombies (D:5)
96 creatures vanquished.

Notes
Turn   | Place    | Note
-------+----------+-------------------------------------------
     0 | D:5      | Reached skill level 9 in Stealth
     0 | D:5      | prikolics the Gnoll Delver began the quest for the Orb.
     0 | D:5      | Reached XP level 1. HP: 23/23 MP: 1/1
    18 | D:5      | Noticed a hound
    42 | D:5      | Found a sand-covered staircase.
    84 | D:5      | Reached XP level 2. HP: 16/29 MP: 2/2
   995 | D:4      | Noticed Menkaure
  1260 | D:3      | Reached XP level 3. HP: 35/35 MP: 3/3
  1516 | D:3      | Noticed Jessica
  1551 | D:3      | You fall into a shaft and drop 1 floor!
  1604 | D:3      | Noticed Terence
  1607 | D:3      | Killed Terence
  1608 | D:3      | Reached skill level 1 in Short Blades
  1608 | D:3      | Reached skill level 1 in Long Blades
  1608 | D:3      | Reached skill level 1 in Axes
  1608 | D:3      | Reached skill level 1 in Maces & Flails
  1608 | D:3      | Reached skill level 1 in Staves
  1608 | D:3      | Reached skill level 1 in Slings
  1608 | D:3      | Reached skill level 1 in Bows
  1608 | D:3      | Reached skill level 1 in Crossbows
  1608 | D:3      | Reached skill level 1 in Throwing
  1608 | D:3      | Reached skill level 1 in Armour
  1608 | D:3      | Reached skill level 1 in Shields
  1608 | D:3      | Reached skill level 1 in Unarmed Combat
  1608 | D:3      | Reached skill level 1 in Spellcasting
  1608 | D:3      | Reached skill level 1 in Invocations
  1608 | D:3      | Reached skill level 1 in Evocations
  1608 | D:3      | Reached XP level 4. HP: 41/41 MP: 5/5
  1780 | D:4      | Noticed a two-headed ogre
  1996 | D:2      | Found a faded altar of an unknown god.
  2214 | D:2      | Reached skill level 1 in Conjurations
  2214 | D:2      | Reached skill level 1 in Hexes
  2214 | D:2      | Reached skill level 1 in Summonings
  2214 | D:2      | Reached skill level 1 in Necromancy
  2214 | D:2      | Reached skill level 1 in Translocations
  2214 | D:2      | Reached skill level 1 in Transmutations
  2214 | D:2      | Reached skill level 1 in Fire Magic
  2214 | D:2      | Reached skill level 1 in Ice Magic
  2214 | D:2      | Reached skill level 1 in Air Magic
  2214 | D:2      | Reached skill level 1 in Earth Magic
  2214 | D:2      | Reached skill level 1 in Poison Magic
  2660 | D:1      | Found Patweyw's Antique Weapon Shop.
  3177 | D:3      | Killed Jessica
  3178 | D:3      | Reached XP level 5. HP: 47/47 MP: 5/7
  3284 | D:3      | Noticed Natasha
  3290 | D:3      | Killed Natasha
  3549 | D:3      | Noticed Natasha
  3555 | D:3      | Killed Natasha
  3885 | D:3      | Noticed Natasha
  3910 | D:3      | Killed Natasha
  3911 | D:3      | Reached XP level 6. HP: 41/53 MP: 8/8
  4012 | D:5      | Found a runed translucent gate.
  4012 | D:5      | Found a runed translucent gate.
  4012 | D:5      | Found a runed translucent gate.
  4014 | D:5      | Noticed Zarnosh's ghost (novice DgCj)
  4095 | D:5      | Identified the +1 chain mail of Hide-and-Seek {SInv}
  4111 | D:5      | Reached skill level 5 in Polearms
  4111 | D:5      | Reached skill level 5 in Dodging
  4188 | D:5      | Noticed an ice beast
  4210 | D:5      | Noticed a sky beast
  4219 | D:5      | Killed a sky beast
  4230 | D:5      | Reached XP level 7. HP: 5/59 MP: 10/10
  4658 | D:5      | Found a hide-covered altar of Uskayaw.
  5097 | D:5      | Reached skill level 10 in Stealth
  5122 | D:5      | Gained mutation: Potions are less effective at restoring
                  | your health. [potion of mutation]
  5122 | D:5      | Gained mutation: You are frail. (-10% HP) [potion of
                  | mutation]
  5122 | D:5      | Gained mutation: You have hidden genetic defects. [potion
                  | of mutation]
  5122 | D:5      | Gained mutation: Your flesh is heat resistant. (rF+)
                  | [potion of mutation]
  5640 | D:5      | Reached XP level 8. HP: 60/60 MP: 12/12
  5653 | D:5      | Gained mutation: You do not regenerate when monsters are
                  | visible. [hidden defects]
  6137 | D:6      | Found an ancient bone altar of Kikubaaqudgha.
  6154 | D:6      | Found a broken altar of Ashenzari.
  6161 | D:6      | Gained mutation: Your body sometimes deteriorates upon
                  | taking damage. [hidden defects]
  6161 | D:6      | Lost mutation: You have hidden genetic defects. [hidden
                  | defects expressed]
  6166 | D:6      | Became a worshipper of Ashenzari the Shackled
  6172 | D:6      | Found a shimmering altar of Xom.
  6771 | D:6      | Found a bloodstained altar of Trog.
  6775 | D:6      | Found an ornate altar of the Wu Jian Council.
  6900 | D:7      | Found a glowing silver altar of Zin.
  7250 | D:7      | Noticed Dowan
  7254 | D:7      | Noticed Duvessa
  7268 | D:7      | Slain by Duvessa

Illustrated notes

Levels and vault maps discovered:
D:1:      dpeg_arrival_boxorama, layout_loops_ring, serial_shops, shop_coins,
          chequers_serial_rivers_micro_c
D:2:      layout_rooms, ebering_ecumenical_altar_ruins,
          chequers_serial_rivers_marsh, kennysheep_generic_room_11
D:3:      layout_basic, serial_bayou_crossing, uniq_terence, uniq_jessica,
          uniq_natasha
D:4:      layout_loops_corners, minmay_temple_entry_wispy,
          kennysheep_generic_room_6, uniq_menkaure, uniq_crazy_yiuf_cottage
D:5:      layout_loops_ring, mainiacjoe_overflow_brackets, enter_ossuary_4,
          biasface_ghost_orc_armoury
D:6:      layout_cave_pools, minmay_overflow_temple_star_hex
D:7:      layout_rooms, mainiacjoe_overflow_alcove_1,
          worldfamousw_hep_ancestral_shrine, uniq_duvessa

Skill      XL: |  1  2  3  4  5  6  7  8 |
---------------+-------------------------+-----
Stealth        | 10 | 10.3
Short Blades   | 1 2 3 |  3.6
Long Blades    | 1 2 3 |  3.6
Axes           | 1 2 3 |  3.6
Maces & Flails | 1 2 3 |  3.6
Staves         | 1 2 3 |  3.6
Slings         | 1 2 3 |  3.6
Bows           | 1 2 3 |  3.6
Crossbows      | 1 2 3 |  3.6
Throwing       | 1 2 3 |  3.6
Armour         | 1 2 3 |  3.6
Shields        | 1 2 3 |  3.6
Unarmed Combat | 1 2 3 |  3.6
Spellcasting   | 1 2 3 |  3.6
Invocations    | 1 2 3 4 |  4.0
Evocations     | 1 2 3 |  3.6
Conjurations   | 1 2 3 |  3.0
Hexes          | 1 2 3 |  3.0
Summonings     | 1 2 3 |  3.0
Necromancy     | 1 2 3 |  3.0
Translocations | 1 2 3 |  3.0
Transmutations | 1 2 3 |  3.0
Fire Magic     | 1 2 3 |  3.0
Ice Magic      | 1 2 3 |  3.0
Air Magic      | 1 2 3 |  3.0
Earth Magic    | 1 2 3 |  3.0
Poison Magic   | 1 2 3 |  3.0
Polearms       | 5 |  5.9
Dodging        | 5 |  5.9
Fighting       | 7 |  7.6

Action                   |  1- 3 |  4- 6 |  7- 9 || total
-------------------------+-------+-------+-------++-------
Melee: Spear             |    70 |       |     2 ||    72
       Bite              |     9 |     7 |    26 ||    42
       Dagger            |     1 |   100 |   173 ||   274
       Punch             |       |     2 |     4 ||     6
       Staff             |       |       |    13 ||    13
Throw: Boomerang         |     5 |     2 |    16 ||    23
Invok: Curse Item        |       |       |     1 ||     1
Evoke: Wand              |       |     4 |     1 ||     5
  Use: Potion            |       |       |     7 ||     7
       Scroll            |       |       |     4 ||     4
 Stab: Sleeping          |     6 |    22 |     8 ||    36
       Distracted        |       |     1 |       ||     1
Armor: Leather armour    |     9 |     7 |       ||    16
       Ring mail         |       |     5 |    73 ||    78
Dodge: Dodged            |    30 |    33 |    83 ||   146
Block: Kite shield       |       |       |    55 ||    55
